[Event "*** Titled Tuesday Blitz"]
[Site "Chess.com"]
[Date "2020.05.05"]
[Round "8"]
[White "TudorAnton"]
[Black "ahachess"]
[Result "1-0"]
[WhiteElo "2499"]
[BlackElo "2360"]
[TimeControl "180+1"]
[EndTime "11:35:41 PDT"]
[Termination "TudorAnton won on time"]

1. d4 Nf6 2. Nc3 d5 3. Bg5 Ne4 4. Nxe4 dxe4 5. Qd2 h6 6. Bh4 g5 7. Bg3 Bg7 8. O-O-O Qd5 9. Kb1 c6 10. e3 Be6 11. c4 Qf5 12. h4 Na6 13. d5 Bd7 14. hxg5 hxg5 15. Rxh8+ Bxh8 16. Ne2 Qf6 17. Nc3 Nc5 18.
Qd4 b6 19. dxc6 Bxc6 20. Qxf6 Bxf6 21. Nd5 O-O-O 22. Be2 Bxd5 23. cxd5 Kb7 24. Bb5 a6 25. Bc6+ Ka7 26. f3 exf3 27. gxf3 Nb7 28. e4 Na5 29. Rc1 Rc8 30. e5 Bg7 31. Bd7 Rxc1+ 32. Kxc1 Nc4 33. e6 fxe6 34. Bxe6 Bxb2+ 35. Kc2 Bf6 36. Kd3 Nd6 37. Bd7 b5 38. Bf2+ Kb7 39. Bc6+ Kc7 40. Bc5 Nc4 41.
Be8 Ne5+ 42. Ke4 Nd7 43. Be3 1-0

[Event "*** Titled Tuesday Blitz"]
[Site "Chess.com"]
[Date "2020.05.05"]
[Round "8"]
[White "petroniy_arbitr"]
[Black "Efremov_Vlad"]
[Result "1-0"]
[WhiteElo "2305"]
[BlackElo "2133"]
[TimeControl "180+1"]
[EndTime "11:35:41 PDT"]
[Termination "petroniy_arbitr won by resignation"]

1. d4 d5 2. c4 e6 3. Nc3 Nf6 4. cxd5 Nxd5 5. e4 Nxc3 6. bxc3 c5 7. Nf3 cxd4 8. cxd4 Bb4+ 9. Bd2 Bxd2+ 10. Qxd2 O-O 11. Bd3 Nd7 12. O-O b6 13. Qe3 Bb7 14.
Rac1 Rc8 15. h4 h6 16. e5 Re8 17. Nd2 Nf8 18. Rxc8 Qxc8 19. Ne4 Bxe4 20. Qxe4 Qc3 21. Bb1 Rd8 22. Rd1 b5 23. Qe3 Qxe3 24. fxe3 Nd7 25. Rc1 Nb6 26. Bd3 Nd5 27. Kf2 b4 28.
Rc4 Rb8 29. Bc2 Nc3 30. a3 a5 31. axb4 axb4 32. Bb3 h5 33. Ke1 g6 34. Kd2 Nd5 35. Kd3 Ra8 36. e4 Nf4+ 37. Kc2 Rb8 38. g3 Ne2 39. d5 exd5 40. exd5 Nxg3 41. d6 Kf8 42.
Rc7 Nf5 43. Rxf7+ Ke8 44. d7+ Kd8 45. Rf8+ Kc7 46. Rxb8 1-0

[Event "*** Titled Tuesday Blitz"]
[Site "Chess.com"]
[Date "2020.05.05"]
[Round "8"]
[White "eljanov"]
[Black "Paladin61"]
[Result "0-1"]
[WhiteElo "2911"]
[BlackElo "2675"]
[TimeControl "180+1"]
[EndTime "11:35:42 PDT"]
[Termination "Paladin61 won on time"]

1. Nf3 Nf6 2. g3 g6 3. Bg2 Bg7 4. O-O O-O 5. c4 d6 6. d4 Nc6 7. Nc3 a6 8. e4 Bg4 9. Be3 Nd7 10. Ne2 Na5 11. Rc1 c5 12. b3 Nc6 13. d5 Nb4 14. a3 Nd3 15. Qxd3 Bxf3 16. Bxf3 Ne5 17. Qd1 Nxf3+ 18. Kg2 Ne5 19. Nc3 Qa5 20. Bd2 Nd3 21.
Rc2 Ne5 22. a4 Qb6 23. Ra2 Nd3 24. Qe2 Bxc3 25. Bxc3 Qxb3 26. Qxd3 Qxa2 27. Ra1 Qb3 28. a5 Rab8 29. Rb1 Qa2 30. h4 f6 31. h5 Kg7 32.
Rh1 Rh8 33. Qe3 Qxc4 34. g4 b6 35. g5 bxa5 36. gxf6+ exf6 37. Rh3 Rbe8 38. Qf4 Qxe4+ 39. Qxe4 Rxe4 0-1

[Event "*** Titled Tuesday Blitz"]
[Site "Chess.com"]
[Date "2020.05.05"]
[Round "8"]
[White "leoduarte"]
[Black "ThePatrick27"]
[Result "0-1"]
[WhiteElo "2368"]
[BlackElo "2540"]
[TimeControl "180+1"]
[EndTime "11:35:42 PDT"]
[Termination "ThePatrick27 won on time"]

1. e4 e5 2. Nf3 Nc6 3. Bc4 Bc5 4. O-O d6 5. d3 Nf6 6. c3 a6 7.
Bb3 h6 8. Nbd2 O-O 9. Re1 Ba7 10. Nf1 Re8 11. Ng3 Be6 12. Bc2 d5 13. exd5 Bxd5 14.
Be3 Qd7 15. Bxa7 Rxa7 16. c4 Bxf3 17. Qxf3 Nd4 18. Qd1 Raa8 19. Re3 Ng4 20. Re4 f5 21. Re1 Rad8 22. Rc1 Nxc2 23. Qxc2 Qxd3 24. Nxf5 e4 25. h3 Nf6 26. Re3 Qxc2 27. Rxc2 c5 28. Rg3 Nh5 29.
Nxh6+ Kh7 30. Rg5 Kxh6 31. Rxc5 e3 32. fxe3 Rxe3 33. Kh2 Red3 34. Rc7 Rd2 35. Rxd2 Rxd2 36. Rxb7 Nf4 37. c5 Rxg2+ 38. Kh1 Rc2 39. a4 Rxc5 40. b4 Rc2 41. Rb6+ Kh5 42. Rxa6 Kh4 43. Ra7 g5 44. Kg1 Kg3 0-1

[Event "*** Titled Tuesday Blitz"]
[Site "Chess.com"]
[Date "2020.05.05"]
[Round "8"]
[White "Sam_ChessMood"]
[Black "Grischuk"]
[Result "1-0"]
[WhiteElo "2895"]
[BlackElo "3108"]
[TimeControl "180+1"]
[EndTime "11:35:43 PDT"]
[Termination "Sam_ChessMood won by resignation"]

1. e4 c5 2. Nf3 d6 3. d4 cxd4 4. Nxd4 Nf6 5. Nc3 a6 6. Bg5 e6 7. f4 Nbd7 8. Qe2 Qc7 9. O-O-O Be7 10. Nf3 h6 11. Bh4 g5 12. fxg5 hxg5 13. Bxg5 b5 14. a3 Rb8 15. Qe1 Ne5 16. Nxe5 dxe5 17. Na2 a5 18.
Kb1 b4 19. axb4 axb4 20. Bxf6 Bxf6 21. Nxb4 Be7 22. c3 Qb6 23. Qd2 Bb7 24. Bd3 Rh4 25.
Rhf1 Rxh2 26. Rh1 Rxh1 27. Rxh1 Bxb4 28. cxb4 Rd8 29. Bb5+ Ke7 30. Qg5+ f6 31. Qg7+ Kd6 32. Rd1+ Bd5 33. exd5 Qxb5 34. dxe6+ Kxe6 35. Rxd8 Qf1+ 36. Ka2 Qc4+ 37. Ka3 Qd3+ 38. Rxd3 1-0

[Event "*** Titled Tuesday Blitz"]
[Site "Chess.com"]
[Date "2020.05.05"]
[Round "8"]
[White "EddieMarsalla"]
[Black "BabyBoss31"]
[Result "1-0"]
[WhiteElo "2526"]
[BlackElo "2307"]
[TimeControl "180+1"]
[EndTime "11:35:43 PDT"]
[Termination "EddieMarsalla won by resignation"]

1. d4 d5 2. Bg5 h6 3. Bh4 c6 4. c3 Bf5 5. Nd2 Qb6 6. e4 dxe4 7. Nc4 Qd8 8. h3 Nf6 9. Ne3 Bh7 10. Qb3 Qb6 11. Nc4 Qxb3 12. axb3 Nbd7 13. b4 e6 14. g4 Be7 15. Na5 Rb8 16. Bg3 Ra8 17. Nxb7 O-O 18. Ba6 Nb6 19. Ne2 Nfd5 20. Na5 e3 21. Nxc6 exf2+ 22. Kxf2 Bg5 23. Rhf1 Be4 24. Ne5 Be3+ 25. Ke1 Bg2 26. h4 Bxf1 27. Kxf1 f5 28. gxf5 Rxf5+ 29. Kg2 Raf8 30. Bd3 R5f6 31. Ng4 R6f7 32. c4 Nxb4 33.
Bg6 Nxc4 34. Bxf7+ Rxf7 35. b3 Nc2 36. Ra2 Nxd4 37.
bxc4 Nxe2 38. Rxe2 Bc5 39. Rxe6 Kh7 40. Bf2 Bxf2 41. Nxf2 Rf4 42. Re4 Rf5 43. Rd4 a5 44.
Ne4 a4 45. c5 a3 46. Ra4 Re5 47. Kf3 g5 48. hxg5 hxg5 49. Rxa3 Kg6 50. Ra6+ Kf7 51.
c6 Ke8 52. Ra8+ Ke7 53. c7 Rf5+ 54. Ke3 1-0

[Event "*** Titled Tuesday Blitz"]
[Site "Chess.com"]
[Date "2020.05.05"]
[Round "8"]
[White "kinga2008"]
[Black "narutosmith"]
[Result "0-1"]
[WhiteElo "2103"]
[BlackElo "2270"]
[TimeControl "180+1"]
[EndTime "11:35:43 PDT"]
[Termination "narutosmith won by resignation"]

1. d4 Nf6 2. c4 e6 3. Nc3 Bb4 4. Bg5 c5 5. e3 Bxc3+ 6. bxc3 Qa5 7. Bxf6 Qxc3+ 8. Ke2 gxf6 9. Rc1 Qb2+ 10. Rc2 Qb4 11. Nf3 b6 12. d5 Ba6 13. Qd3 Qa4 14. Nd2 exd5 15. Qxd5 Qxc2 16. Qxa8 O-O 17. Qe4 Qc3 18.
Qd3 Qb4 19. f4 Nc6 20. Kf2 d5 21. Qxd5 Rd8 22. Qxc6 Qxd2+ 23. Kf3 Rd7 24. Qxf6 Bb7+ 25.
Kg4 Rd6 26. Qg5+ Rg6 27. Qxg6+ hxg6 28. h4 Qxe3 29. h5 Qe6+ 30. Kg3 Qf5 31. hxg6 fxg6 32. Be2 g5 33. Bf3 Qxf4+ 34. Kf2 Qd2+ 35. Kg3 Qd6+ 36. Kf2 Bxf3 37. gxf3 Qd2+ 38. Kg3 Qxa2 39. Rh5 Qd2 40.
Kg4 Qf4+ 41. Kh3 Qxf3+ 42. Kh2 Qxh5+ 0-1

[Event "*** Titled Tuesday Blitz"]
[Site "Chess.com"]
[Date "2020.05.05"]
[Round "8"]
[White "TigrVShlyape"]
[Black "elohunter1999"]
[Result "1-0"]
[WhiteElo "2827"]
[BlackElo "2539"]
[TimeControl "180+1"]
[EndTime "11:35:45 PDT"]
[Termination "TigrVShlyape won by resignation"]

1. d4 Nf6 2. Nf3 d5 3. Bf4 c5 4. e3 Nc6 5. Nbd2 Qb6 6. dxc5 Qxb2 7. Rb1 Qc3 8. Bb5 e6 9. O-O Be7 10. Nb3 O-O 11. Qd3 Ne4 12. Bxc6 bxc6 13. Ne5 Qxd3 14.
cxd3 Nc3 15. Nxc6 Bf6 16. Rb2 Ba6 17. Rd2 Rfc8 18. Ne5 h5 19. h3 Bb5 20. Rc1 Na4 21. d4 a5 22. g4 g5 23. Bg3 hxg4 24. hxg4 Kg7 25. Kg2 Be8 26. f3 Be7 27. Nd3 f6 28.
Nb2 Nxb2 29. Rxb2 a4 30. Na1 Ra7 31. Nc2 Bg6 32. Rb4 Bd8 33. Na3 Bc7 34. Nb5 Rb7 35. c6 Rb6 36. Bxc7 Rxc7 37. Nxc7 Rxb4 38. Nxe6+ Kh6 39.
c7 Rb2+ 40. Kg3 1-0

[Event "*** Titled Tuesday Blitz"]
[Site "Chess.com"]
[Date "2020.05.05"]
[Round "8"]
[White "blitzking1729"]
[Black "fmshawnrl123"]
[Result "0-1"]
[WhiteElo "2512"]
[BlackElo "2707"]
[TimeControl "180+1"]
[EndTime "11:35:45 PDT"]
[Termination "fmshawnrl123 won by resignation"]

1. d4 Nf6 2. c4 e6 3. Nf3 d5 4.
Nc3 Bb4 5. Qa4+ Nc6 6. e3 O-O 7. Bd2 a6 8. Rc1 Re8 9. Bd3 dxc4 10. Bxc4 Bd7 11. Qc2 e5 12. d5 Ne7 13. Nxe5 Bxc3 14.
Bxc3 Nexd5 15. O-O Be6 16. Rfd1 Qe7 17. Ba5 Rad8 18.
Nf3 Rd7 19. e4 Nf4 20. Rxd7 Bxd7 21. Bxc7 N6h5 22. Bxf4 Nxf4 23. Re1 Bg4 24. Nd2 Qg5 25. Re3 Bd1 26. Rg3 Qxg3 27. hxg3 Bxc2 28. gxf4 Bxe4 29. f3 Bc6 30. Kf2 Rd8 31. Ke2 Bd5 32. Bxd5 Rxd5 33. Ne4 f6 34. b3 Ra5 35. a4 Rd5 36. Nc3 Rd8 37. Ne4 Kf7 38. f5 Rd5 39. Ke3 Ke7 40.
g4 h5 41. Nc3 Re5+ 42. Kd4 h4 43. Nd5+ Rxd5+ 44. Kxd5 h3 0-1

[Event "*** Titled Tuesday Blitz"]
[Site "Chess.com"]
[Date "2020.05.05"]
[Round "8"]
[White "GukeshDommaraju"]
[Black "cassoulet"]
[Result "0-1"]
[WhiteElo "2770"]
[BlackElo "2610"]
[TimeControl "180+1"]
[EndTime "11:35:45 PDT"]
[Termination "cassoulet won by checkmate"]

1. e4 c5 2. Nf3 Nc6 3. Bb5 g6 4. Bxc6 bxc6 5. d4 cxd4 6. Qxd4 Nf6 7. c4 Qb6 8. c5 Qa6 9. Nc3 Bg7 10. e5 Nd5 11. Nxd5 cxd5 12. Be3 Rb8 13. b4 Qb5 14. Bd2 Ba6 15. Qe3 O-O 16. a4 Qc4 17. Rc1 Qa2 18.
b5 Bb7 19. Qd4 f6 20. Bf4 fxe5 21. Bxe5 Bxe5 22. Nxe5 d6 23. Ng4 e5 24. Qd2 Qxa4 25.
h3 Qxb5 26. cxd6 Rbc8 27. d7 Rcd8 28. Rc7 Ba6 29. f3 Rxd7 30. Rxd7 Qxd7 31. Nxe5 Qe7 32. Qd4 Re8 33. f4 Qh4+ 34. Kd2 Qg3 35. Rc1 Qxg2+ 36.
Kc3 Rc8+ 37. Kb4 Rxc1 38. Qxa7 Qb2+ 39. Ka5 Ra1# 0-1

[Event "*** Titled Tuesday Blitz"]
[Site "Chess.com"]
[Date "2020.05.05"]
[Round "8"]
[White "ninullia"]
[Black "SketchyMoves"]
[Result "0-1"]
[WhiteElo "2460"]
[BlackElo "2631"]
[TimeControl "180+1"]
[EndTime "11:35:45 PDT"]
[Termination "SketchyMoves won on time"]

1. d4 e6 2. Nf3 Nf6 3. c4 Bb4+ 4. Bd2 Qe7 5. Nc3 Bxc3 6. Bxc3 Ne4 7. Rc1 d6 8. g3 O-O 9. Bg2 Nc6 10. O-O Nxc3 11.
Rxc3 e5 12. Re3 Bg4 13. h3 Bh5 14. d5 Nb8 15. Nd2 f5 16. Qb3 b6 17. f4 Nd7 18.
Qc2 Bg6 19. Kh1 a5 20. b3 h6 21. a3 Bh7 22. Nf3 Qf6 23. fxe5 dxe5 24. Qb2 Rae8 25.
b4 axb4 26. axb4 f4 27. gxf4 exf4 28. Qxf6 Nxf6 29. Rxe8 Rxe8 30. Nd4 g5 31. c5 bxc5 32. bxc5 Ne4 33. Rc1 Ng3+ 34. Kh2 Be4 35. d6 cxd6 36.
c6 Bxg2 37. Kxg2 Nxe2 38. Re1 f3+ 39. Nxf3 Nf4+ 40. Kf1 Rc8 41. Nd4 Kf7 42. h4 Kf6 43. hxg5+ hxg5 44. Ra1 Ke5 0-1

[Event "*** Titled Tuesday Blitz"]
[Site "Chess.com"]
[Date "2020.05.05"]
[Round "8"]
[White "JessPinkman"]
[Black "Saxar85"]
[Result "0-1"]
[WhiteElo "2457"]
[BlackElo "2635"]
[TimeControl "180+1"]
[EndTime "11:35:45 PDT"]
[Termination "Saxar85 won on time"]

1. e4 e5 2. Nf3 Nc6 3. Bb5 a6 4. Ba4 Nf6 5. O-O Be7 6. Re1 b5 7. Bb3 d6 8. c3 O-O 9. h3 Nb8 10. d4 Nbd7 11. Nbd2 c5 12. Nf1 Re8 13. Ng3 Bf8 14. a4 Rb8 15. axb5 axb5 16. dxe5 dxe5 17. Nf5 c4 18. Bc2 Qc7 19. Qe2 Nc5 20. Bg5 Bxf5 21. exf5 e4 22. Nd4 Qb6 23. b3 Nd3 24. Reb1 Nd5 25. Bd2 cxb3 26. Bxd3 exd3 27. Qxd3 Qc5 28. Rxb3 Qc4 29. Qxc4 bxc4 30. Rxb8 Rxb8 31. Ra4 Rb2 32. Nf3 h6 33. g4 Nb6 34. Ra6 Bc5 35. Be3 Bxe3 36.
fxe3 Nd5 37. Rc6 Nxe3 38. Ne5 g5 39. Nxc4 Rb1+ 40. Kf2 Nd1+ 41. Kf3 Nxc3 42. f6 Nd5 0-1

[Event "*** Titled Tuesday Blitz"]
[Site "Chess.com"]
[Date "2020.05.05"]
[Round "8"]
[White "rynos0411"]
[Black "salomez"]
[Result "0-1"]
[WhiteElo "2358"]
[BlackElo "2248"]
[TimeControl "180+1"]
[EndTime "11:35:46 PDT"]
[Termination "salomez won by resignation"]

1. e4 c5 2. Nf3 e6 3. d3 Nc6 4. Nbd2 g6 5. g3 Bg7 6. Bg2 Nge7 7. O-O O-O 8. c3 d5 9. Re1 b6 10. h4 Ba6 11. Bf1 dxe4 12. dxe4 Bxf1 13. Nxf1 Qxd1 14. Rxd1 Rfd8 15. Bf4 Rac8 16. g4 f5 17. gxf5 exf5 18. Ng3 fxe4 19. Nxe4 Rf8 20. Nd6 Rcd8 21.
Ng5 Rxf4 22. Ne6 Rg4+ 23. Kf1 Rb8 24. f3 Rxh4 25. Kf2 Rh2+ 26. Kg3 Rxb2 27. Nc4 Re2 28. Nf4 Nf5+ 29. Kh3 Rf2 30. Rd3 Ne5 31. Nxe5 Bxe5 32. Ng2 Rf8 33. f4 Bb8 34. Re1 Bxf4 35. Nxf4 Rxf4 36. Rd7 Rh4+ 37. Kg2 Rg4+ 38. Kh2 Rf7 39. Rd8+ Kg7 40. Ree8 Rc4 41. Rg8+ Kf6 42. Rd3 h5 43. Rgd8 Kg5 44. Kh3 Rh4+ 45. Kg2 Ra4 46. Rd2 Re7 47. R8d3 Ne3+ 48. Kf3 Rf4+ 49. Kg3 Nf1+ 0-1

[Event "*** Titled Tuesday Blitz"]
[Site "Chess.com"]
[Date "2020.05.05"]
[Round "8"]
[White "Nafania1"]
[Black "GasconJR"]
[Result "0-1"]
[WhiteElo "2410"]
[BlackElo "2619"]
[TimeControl "180+1"]
[EndTime "11:35:47 PDT"]
[Termination "GasconJR won by resignation"]

1. e4 c5 2. Nf3 Nc6 3. Bb5 d6 4. O-O Bd7 5. Re1 Nf6 6. c3 a6 7.
Bf1 Bg4 8. h3 Bxf3 9. Qxf3 e6 10. d3 Be7 11. Nd2 O-O 12. Qe2 d5 13. Nf3 b5 14. e5 Nd7 15. Bf4 a5 16. d4 c4 17. a3 b4 18. axb4 axb4 19. Qe3 Rxa1 20. Rxa1 Qb6 21. Bg5 Bxg5 22. Qxg5 Rb8 23. Qh5 h6 24. g4 Ne7 25. g5 g6 26. Qg4 h5 27.
Qf4 Nf5 28. h4 bxc3 29. bxc3 Qb2 30. Ra7 Nf8 31. Bh3 Qxc3 32. Bxf5 gxf5 33. g6 Nxg6 34. Qe3 Qxe3 35. fxe3 Rc8 36. Ra2 f4 37. Kf2 fxe3+ 38.
Kxe3 Ne7 39. Kf4 Nf5 40. Kg5 c3 41. Rc2 Ne3 42. Rc1 c2 43. Kf6 Rb8 44. Ne1 Rb1 45.
Rxc2 Nxc2 46. Nxc2 Rf1+ 47. Kg5 Rf5+ 48. Kh6 f6 49. Ne3 Rf4 0-1

[Event "*** Titled Tuesday Blitz"]
[Site "Chess.com"]
[Date "2020.05.05"]
[Round "8"]
[White "Vamostodorecto"]
[Black "Keks2017"]
[Result "0-1"]
[WhiteElo "2508"]
[BlackElo "2405"]
[TimeControl "180+1"]
[EndTime "11:35:47 PDT"]
[Termination "Keks2017 won on time"]

1. d4 d6 2. c4 e5 3. Nf3 Nd7 4.
Nc3 Ngf6 5. e4 Be7 6. Be2 O-O 7. O-O c6 8. h3 Qc7 9. d5 c5 10. Be3 Ne8 11. Bd3 g6 12. Qc2 Ng7 13. Bh6 a6 14. a3 Nf6 15. b4 b6 16. bxc5 bxc5 17. Rab1 Kh8 18. Rb2 Ng8 19. Bd2 f5 20. Rfb1 f4 21. Rb6 g5 22. Na4 h5 23. Rc6 Qd8 24. Nb6 Rb8 25.
Bc3 g4 26. hxg4 Bxg4 27. Nxe5 dxe5 28. Bxe5 Rb7 29. Qc3 Bf6 30. a4 Rbf7 31. f3 Bd7 32.
Nxd7 Qxd7 33. Rbb6 Qe7 34. Bxf6 Rxf6 35. Rxa6 Rxc6 36. Rxc6 Rb8 37. a5 h4 38. a6 h3 39.
d6 Qg5 40. Bf1 Rb1 41. Qc2 h2+ 42. Kxh2 Rxf1 43. Qf2 Rxf2 0-1

[Event "*** Titled Tuesday Blitz"]
[Site "Chess.com"]
[Date "2020.05.05"]
[Round "8"]
[White "Man-Chuk"]
[Black "albi1999"]
[Result "0-1"]
[WhiteElo "2736"]
[BlackElo "2629"]
[TimeControl "180+1"]
[EndTime "11:35:48 PDT"]
[Termination "albi1999 won by resignation"]

1. b3 d5 2. Bb2 Bg4 3. h3 Bh5 4.
d3 Nd7 5. Nd2 e5 6. Ngf3 Bd6 7.
e4 c6 8. Be2 Ngf6 9. exd5 cxd5 10. Nxe5 Bxe2 11. Qxe2 Bxe5 12. Bxe5 O-O 13. O-O Re8 14.
Nf3 Nxe5 15. Nxe5 d4 16. f4 Nd5 17. Qf2 Ne3 18. Rfe1 f6 19. Nf3 Qb6 20. Re2 Re7 21. Rae1 Rae8 22. Kh1 Qc5 23. c4 a5 24. a3 Nf5 25.
Rxe7 Rxe7 26. Rxe7 Qxe7 27. Qe1 Kf7 28. Qxe7+ Kxe7 29.
g4 Ng3+ 30. Kh2 Ne2 31. Nxd4 Nxd4 32. b4 a4 33. Kg3 Nc2 34. Kf3 Nxa3 35. Ke3 Nb1 0-1

[Event "*** Titled Tuesday Blitz"]
[Site "Chess.com"]
[Date "2020.05.05"]
[Round "8"]
[White "GMKrikor"]
[Black "arminmusovic"]
[Result "1-0"]
[WhiteElo "2842"]
[BlackElo "2504"]
[TimeControl "180+1"]
[EndTime "11:35:48 PDT"]
[Termination "GMKrikor won by resignation"]

1. Nf3 a6 2. e4 e6 3. d4 d5 4.
Nbd2 Nf6 5. e5 Ng8 6. Bd3 c5 7.
c3 Nc6 8. O-O Nge7 9. Re1 Ng6 10. Bc2 cxd4 11. cxd4 Bb4 12. a3 Ba5 13. b4 Bb6 14. Nb3 O-O 15. g3 f5 16. h4 h6 17. h5 Nh8 18. Be3 Bd7 19. Nh4 Be8 20. Ng2 Nf7 21. f4 Rc8 22. Rc1 Qe7 23. g4 Nh8 24.
gxf5 exf5 25. Qf3 Qf7 26. Bd1 Bd7 27. Qf2 Be6 28. Bf3 Rfd8 29. Nh4 Na7 30. Nc5 Bxc5 31.
bxc5 Nc6 32. Kh2 Rc7 33. Rg1 Rdd7 34. Rg3 Qe8 35. Rcg1 Kf8 36. Qg2 Bg8 37. Nxf5 g6 38. Nd6 Rxd6 39. cxd6 Rg7 40. hxg6 Qe6 41. Bg4 Qxg6 42.
f5 Qh7 43. Bh3 Rxg3 44. Qxg3 Nf7 45. e6 Ng5 46. Bxg5 hxg5 47. Qxg5 Qxh3+ 1-0

[Event "*** Titled Tuesday Blitz"]
[Site "Chess.com"]
[Date "2020.05.05"]
[Round "8"]
[White "cstevens1"]
[Black "kuba2006"]
[Result "1-0"]
[WhiteElo "2614"]
[BlackElo "2427"]
[TimeControl "180+1"]
[EndTime "11:35:48 PDT"]
[Termination "cstevens1 won on time"]

1. e4 Nf6 2. e5 Nd5 3. d4 d6 4. c4 Nb6 5. exd6 exd6 6. Nc3 Be7 7. h3 O-O 8. Nf3 Bf6 9. Be2 Nc6 10. O-O Bf5 11.
d5 Ne5 12. Nd4 Bd7 13. b3 c5 14. dxc6 bxc6 15. Be3 Qc7 16. Rc1 Rad8 17. Qd2 Bc8 18. Rfd1 g6 19. Ne4 Bg7 20. Bg5 f6 21. Bh6 Rfe8 22. Bxg7 Kxg7 23. Qf4 f5 24. Nc3 Bb7 25. h4 a6 26. Qg5 Nf7 27. Qg3 Qe7 28. Nxf5+ Kg8 29.
Nxe7+ Rxe7 30. h5 Re6 31. Bd3 Ne5 32. hxg6 hxg6 33. Bb1 Kh7 34. c5 Nc8 35. cxd6 Nxd6 36.
Ne4 Nxe4 37. Bxe4 Rde8 38. Bb1 Bc8 39. Rd4 Kg7 40. Re4 Bb7 41. Rce1 Kf6 42. Qf4+ Kg7 43. Rxe5 1-0

[Event "*** Titled Tuesday Blitz"]
[Site "Chess.com"]
[Date "2020.05.05"]
[Round "8"]
[White "GMNeiksans"]
[Black "wild_cat99"]
[Result "1/2-1/2"]
[WhiteElo "2756"]
[BlackElo "2575"]
[TimeControl "180+1"]
[EndTime "11:35:49 PDT"]
[Termination "Game drawn by repetition"]

1. b3 Nf6 2. Bb2 g6 3. Nf3 Bg7 4. g3 O-O 5. Bg2 d5 6. c4 c6 7. O-O Nbd7 8. d4 Ne4 9. e3 Qc7 10. Nc3 f5 11. Rc1 dxc4 12. Nxe4 fxe4 13. Ng5 Nf6 14.
Nxe4 Nxe4 15. Bxe4 e5 16. d5 cxb3 17. Qxb3 Qf7 18.
dxc6 bxc6 19. Bxc6 Be6 20. Qa4 Rac8 21. Bg2 Rxc1 22.
Bxc1 Bxa2 23. Ba3 Rd8 24. Bc5 Rd7 25. Ra1 Be6 26. e4 h5 27. h4 Bh6 28. Bxa7 g5 29.
Be3 gxh4 30. Bxh6 hxg3 31. fxg3 Qg6 32. Be3 Qxg3 33. Bf2 Qg4 34. Qa8+ Kh7 35. Ra7 h4 36. Rxd7+ Bxd7 37. Qf8 h3 38. Qf7+ Kh8 39. Qf8+ Kh7 40. Qf7+ Kh8 41. Qf3 Qxg2+ 42. Qxg2 hxg2 43. Kxg2 Bc6 44. Kf3 Kg7 45. Bg3 Kf6 46. Ke3 Ke6 47. Bh2 Kd6 48.
Bg3 Ke6 49. Bh2 Kf6 50. Bg3 Ke6 1/2-1/2

[Event "*** Titled Tuesday Blitz"]
[Site "Chess.com"]
[Date "2020.05.05"]
[Round "8"]
[White "MFguimaraes"]
[Black "stolencandy13"]
[Result "0-1"]
[WhiteElo "2407"]
[BlackElo "2545"]
[TimeControl "180+1"]
[EndTime "11:35:49 PDT"]
[Termination "stolencandy13 won by resignation"]

1. e4 c6 2. d4 d5 3. Nd2 dxe4 4.
Nxe4 Bf5 5. Qf3 e6 6. Ne2 Be7 7. N4g3 Bxc2 8. Nh5 Bf6 9. Be3 Qb6 10. b3 Bg6 11.
Nxf6+ Nxf6 12. Nc3 Nd5 13. Nxd5 cxd5 14. Be2 Qb4+ 15.
Bd2 Qxd4 16. Bc3 Qe4 17. Bxg7 Qxf3 18. Bxf3 Rg8 19. Bb2 Nc6 20. O-O Rc8 21. Rac1 Kd7 22. Rc5 b6 23. Rcc1 Nb4 24. Bf6 Nd3 25. Rcd1 Rc2 26. a4 Rgc8 27. h4 h5 28. Bxh5 Bxh5 29. Rxd3 Be2 30. Rh3 Bxf1 31. Kxf1 Ra2 32. g4 Rcc2 33.
Rf3 Ke8 34. h5 Kf8 35. g5 Kg8 36. h6 Kh7 37. Bg7 Rc7 38. Be5 Rd7 39. Rc3 d4 40. Rc8 d3 41. Rh8+ Kg6 42. Rg8+ Kf5 43. Bc3 d2 44. Bxd2 Rdxd2 45. h7 Rxf2+ 46. Kg1 Rg2+ 47. Kh1 Rh2+ 48. Kg1 Rxh7 0-1

[Event "*** Titled Tuesday Blitz"]
[Site "Chess.com"]
[Date "2020.05.05"]
[Round "8"]
[White "IriBu"]
[Black "rakshi2005"]
[Result "1-0"]
[WhiteElo "2454"]
[BlackElo "2300"]
[TimeControl "180+1"]
[EndTime "11:35:49 PDT"]
[Termination "IriBu won by checkmate"]

1. e4 e5 2. Nf3 Nc6 3. d4 exd4 4. c3 d5 5. exd5 Qxd5 6. Nxd4 Nxd4 7. cxd4 Nf6 8. Nc3 Qd7 9. Bc4 Be7 10. O-O O-O 11. d5 h6 12. Bf4 a6 13. a4 Bd6 14. Be3 Qe7 15. Bd4 Bxh2+ 16. Kxh2 Ng4+ 17. Kg3 Qg5 18. f4 Qg6 19. Kh4 Qf5 20. Bd3 g5+ 21. Kg3 Qd7 22. Be2 f6 23. Bxg4 Qd6 24. Bxc8 Raxc8 25. Qg4 f5 26.
Qf3 Kh7 27. Kh2 g4 28. Qg3 Rg8 29. Rae1 Rce8 30. Re5 h5 31. Rxe8 Rxe8 32. Be5 Qe7 33. Qd3 Kg6 34. Kg1 h4 35. d6 cxd6 36. Qxd6+ Qxd6 37. Bxd6 Rd8 38. Rd1 Rc8 39. Re1 Rd8 40.
Rd1 Kf7 41. Kf2 Ke6 42. Be5 Rc8 43. Rd6+ Kf7 44. Rh6 Rd8 45. Ke2 g3 46. Rxh4 Rd5 47. Rh3 Rc5 48. Rxg3 Ke6 49. Rg6+ Kd7 50. Rb6 Rc4 51. Rxb7+ Kc8 52. Rb8+ Kd7 53. Rb6 Rc6 54. Rxc6 Kxc6 55. b4 a5 56. b5+ Kb6 57. Bd4+ Kb7 58. b6 Kc8 59. Nd5 Kb7 60. Ne3 Kc6 61. Nxf5 Kb7 62.
Ne3 Kc6 63. g4 Kb7 64. g5 Kc6 65. g6 Kd7 66. g7 Ke7 67. g8=Q Kd6 68. Qg6+ Kd7 69. b7 Kc7 70. Nd5+ Kxb7 71. Qb6+ Kc8 72. Qc7# 1-0

[Event "*** Titled Tuesday Blitz"]
[Site "Chess.com"]
[Date "2020.05.05"]
[Round "8"]
[White "Justinz"]
[Black "Karina_Ivanova"]
[Result "1/2-1/2"]
[WhiteElo "2321"]
[BlackElo "2178"]
[TimeControl "180+1"]
[EndTime "11:35:49 PDT"]
[Termination "Game drawn by repetition"]

1. e4 c6 2. d4 d5 3. e5 Bf5 4.
h4 h5 5. c4 e6 6. Nc3 dxc4 7.
Bxc4 Nd7 8. Nge2 Ne7 9. Bg5 Nb6 10. Bd3 Qd7 11. O-O Bxd3 12. Qxd3 Nf5 13. a4 Be7 14. a5 Nd5 15. Bxe7 Qxe7 16. g3 O-O 17. Ne4 Rfd8 18. Qf3 g6 19. Rfd1 b5 20. Rac1 Rac8 21.
Nc5 Qc7 22. a6 Qb6 23. Qe4 Nb4 24. Ra1 Nxd4 25. Nb7 Nxe2+ 26. Qxe2 Rxd1+ 27. Rxd1 Nd5 28. Nd6 Rf8 29. g4 hxg4 30. Qxg4 Kg7 31. h5 Qd8 32. hxg6 fxg6 33. Qxe6 Qg5+ 34. Kf1 Ne3+ 35. Ke2 Nxd1 36. Kxd1 Rxf2 37. Qd7+ Kh6 38. Nf7+ Rxf7 39. Qxf7 Qxe5 40.
Qxa7 Qd5+ 41. Kc1 Qc4+ 42. Kb1 Qd3+ 43. Ka1 Qd1+ 44. Ka2 Qa4+ 45. Kb1 Qd1+ 46. Ka2 Qa4+ 47. Kb1 Qd1+ 48. Ka2 1/2-1/2

[Event "*** Titled Tuesday Blitz"]
[Site "Chess.com"]
[Date "2020.05.05"]
[Round "8"]
[White "Eloist"]
[Black "BelaKis"]
[Result "1/2-1/2"]
[WhiteElo "2233"]
[BlackElo "2067"]
[TimeControl "180+1"]
[EndTime "11:35:49 PDT"]
[Termination "Game drawn by repetition"]

1. e4 g6 2. d4 Bg7 3. Nc3 c5 4. dxc5 Na6 5. Bxa6 bxa6 6. Nge2 Bb7 7. O-O Nf6 8. f3 O-O 9. Be3 Ne8 10. Qd2 Nc7 11. Rad1 Bc6 12. Nd4 Ne6 13. Nxc6 dxc6 14. Qxd8 Rfxd8 15.
Rxd8+ Rxd8 16. Rd1 Bxc3 17. Rxd8+ Nxd8 18. bxc3 e5 19. Kf2 f5 20. Bg5 Nb7 21. Bf6 fxe4 22. fxe4 Nxc5 23. Bxe5 Nxe4+ 24. Ke3 Nc5 25. Bb8 Kf7 26.
Bxa7 Nd7 27. Bd4 Ke6 28. c4 c5 29. Bc3 Nb6 30. Kd3 Kf5 31. Bg7 h5 32. Bf8 Nd7 33.
Be7 g5 34. h3 g4 35. Ke3 Ke6 36. Bg5 Kf5 37. Bh4 Nb6 38. Kd3 Kf4 39. Bf2 Nd7 40. a4 g3 41. Bg1 Ne5+ 42. Kc3 Nd7 43. Kd3 Ne5+ 44. Kc3 Nd7 45. Kd3 1/2-1/2

[Event "*** Titled Tuesday Blitz"]
[Site "Chess.com"]
[Date "2020.05.05"]
[Round "8"]
[White "Kate1606"]
[Black "Leo_C"]
[Result "1/2-1/2"]
[WhiteElo "2106"]
[BlackElo "2256"]
[TimeControl "180+1"]
[EndTime "11:35:49 PDT"]
[Termination "Game drawn by agreement"]

1. e4 Nf6 2. e5 Nd5 3. c4 Nb6 4. c5 Nd5 5. Nc3 Nxc3 6. dxc3 e6 7. Qg4 Nc6 8. Nf3 h5 9. Qg3 g6 10. Bd3 Ne7 11. Bg5 Bg7 12. Qh4 b6 13. cxb6 axb6 14.
O-O Bb7 15. Bf6 Bxf6 16. exf6 Nd5 17. Be4 Rb8 18. Bxd5 Bxd5 19. Ne5 d6 20. Nd3 Rg8 21.
c4 g5 22. Qd4 Bc6 23. Rfe1 e5 24. Nxe5 dxe5 25. Qxe5+ Kf8 26. Rad1 Bd7 27. Qd4 Rg6 28. Qxd7 Qxd7 29. Rxd7 Rxf6 30. Rxc7 Ra8 31. a3 Rd8 32.
g3 Rd2 33. Rf1 Rxb2 34. Rb7 Rc6 35. Rd1 Rb3 36. Rdd7 Rf3 37. c5 bxc5 38. Kg2 Rff6 39. a4 Rb6 40. Rbc7 Rbc6 41. Rb7 c4 42. a5 c3 43. a6 Rxa6 44. Rd8+ Kg7 45. Rc7 Rac6 46.
Rdc8 Rxc7 47. Rxc7 Kg6 48. Rxc3 Re6 49. h3 f5 50. Rd3 Kf6 51. Rc3 Ra6 52. Rb3 Re6 1/2-1/2